 Dungeon Crawl Stone Soup version 0.31-a0-460-g9e667d4245 (webtiles) character file.

Game seed: 6637925778625705579

44 MisterAzrael the Ruffian (level 3, 0/9 HPs)
             Began as an Octopode Shapeshifter on Aug 4, 2023.
             Was a Follower of Fedhas.
             Slain by a quokka (3 damage)
             ... on level 2 of the Dungeon.
             The game lasted 00:01:21 (774 turns).

MisterAzrael the Ruffian (Octopode Shapeshifter)     Turns: 774, Time: 00:01:21

Health: 0/9        AC:  1    Str: 16    XL:     3   Next: 62%
Magic:  4/4        EV: 13    Int: 10    God:    Fedhas [*.....]
Gold:   35         SH:  0    Dex: 12    Spells: 4/4 levels left

rFire   . .          .
                       - Unarmed
rCold   . . .        (shield currently unavailable)
rNeg    . . .        (helmet restricted)
rPois   .            (no amulet)
rElec   .            (no ring)
rCorr   .            (no ring)
SInv    .            (no ring)
Will    .....        (no ring)
Stlth   ++           (no ring)
HPRegen 0.21/turn    (no ring)
MPRegen 0.09/turn    (no ring)
                     (no ring)

%: no passive effects
@: blade tentacles
A: reduced hp, almost no armour, amphibious, 8 rings, camouflage 1, gelatinous
body 1, (nimble swimmer 1), tentacles
a: Begin Untransformation, Renounce Religion


You were on level 2 of the Dungeon.
You worshipped Fedhas.
Fedhas was aware of your devotion.
You had blades for main tentacles.
You visited 1 branch of the dungeon, and saw 2 of its levels.

You collected 35 gold pieces.

Inventory:

Talismans
 b - a beast talisman
 i - a blade talisman (active)
Scrolls
 c - 2 scrolls of identify {unknown}
 d - a scroll of summoning {unknown}
 f - a scroll of teleportation {unknown}
 g - a scroll of torment {unknown}
 j - a scroll of noise {unknown}
 l - a scroll of vulnerability {unknown}
Potions
 a - a potion of lignification
 e - a potion of mutation {unknown}
 h - a potion of haste {unknown}
 k - a potion of invisibility {unknown}


   Skills:
 + Level 1.5 Fighting
 + Level 2.4 Dodging
 * Level 3.5 Unarmed Combat
 + Level 1.0 Spellcasting
 + Level 3.1 Shapeshifting


You had 4 spell levels left.
You didn't know any spells.
Your spell library was empty.

Dungeon Overview and Level Annotations

Branches:
Dungeon (2/15)

Altars:
Fedhas


Innate Abilities, Weirdness & Mutations

You have blades for main tentacles.
Your maximum health is decreased, since you lack skill for your form.
Your spellcasting is less reliable in this form.
You are incapable of wielding weapons or throwing items.
You cannot wear most types of armour.
You are amphibious.
You can wear up to eight rings at the same time.
Your skin changes colour to match your surroundings (Stealth+).
Your rubbery body absorbs attacks. (AC +1, EV +1)
((You are camouflaged when in or above water. (Stealth+)))
You have tentacles for arms and can constrict up to eight enemies at once.


Message History

You barely miss the bat. Your grab misses the bat. Your squeeze misses the bat.
The bat is severely wounded.
The bat closely misses you. The bat hits you.
A bat is nearby!
A bat is nearby!
A bat is nearby!
The bat hits you.
You hit the bat.
You kill the bat!
Fedhas appreciates your contribution to the ecosystem.
Your Spellcasting skill increases to level 1!
No target in view!
A hobgoblin comes into view.
Found an escape hatch in the ceiling.
Found a stone staircase leading down.
A hobgoblin is nearby!
A hobgoblin is nearby!
The hobgoblin hits you.
You hit the hobgoblin. Your grab misses the hobgoblin.
You squeeze the hobgoblin.
You kill the hobgoblin!
Fedhas appreciates your contribution to the ecosystem.
No target in view!
A quokka comes into view.
The quokka bites you.
You hit the quokka but do no damage. Your grab misses the quokka.
The quokka bites you.
* * * LOW HITPOINT WARNING * * *
You are too injured to fight recklessly!
You are too injured to fight recklessly!
You barely miss the quokka. Your grab misses the quokka.
The quokka bites you but does no damage.
You barely miss the quokka. You grab the quokka.
You constrict the quokka, but do no damage.
The quokka closely misses you.
A quokka is nearby!
You hit the quokka but do no damage. Your slash misses the quokka.
Your squeeze misses the quokka. You constrict the quokka. The quokka bites you.
You die...
Fedhas appreciates your contribution to the ecosystem.

.......#
######.## #..#
##.# #.## #..#
##.####
#....##########..
####.....@r......
#...########..
##### # # # # #


You could see a quokka.

Vanquished Creatures
  2 dart slugs (D:1)
  5 endoplasms
  A giant cockroach (D:1)
  6 goblins
  3 hobgoblins
  3 jackals (D:1)
  5 kobolds
  A quokka (D:1)
  5 bats
  A frilled lizard (D:1)
  3 rats (D:1)
35 creatures vanquished.

Notes
Turn   | Place    | Note
-------+----------+-------------------------------------------
     0 | D:1      | MisterAzrael the Octopode Shapeshifter began the quest for
                  | the Orb.
     0 | D:1      | Reached XP level 1. HP: 13/13 MP: 1/1
   123 | D:1      | Reached XP level 2. HP: 8/18 MP: 2/2
   243 | D:1      | Found a faded altar of an unknown god.
   344 | D:1      | Reached XP level 3. HP: 21/23 MP: 4/4
   394 | D:1      | Prayed at the altar of an unknown god.
   394 | D:1      | Became a worshipper of Fedhas Madash
   394 | D:1      | Reached * piety under Fedhas
   726 | D:2      | Reached skill level 1 in Spellcasting
   774 | D:2      | Slain by a quokka

Illustrated notes

Levels and vault maps discovered:
D:1:      amcnicky_arrival_blooded_trapdoor, layout_rooms,
          hellmonk_ecumenical_altar_pennies_from_heaven, minmay_heptomino_o4
D:2:      layout_basic, basic_altar, serial_shops, nicolae_shop_peninsula,
          uniq_crazy_yiuf_cottage

Skill      XL: |  1  2  3 |
---------------+----------+-----
Spellcasting   | 1 |  1.0
Fighting       | |  1.5
Dodging        | |  2.4
Unarmed Combat | |  3.5
Shapeshifting  | |  3.1

Action                     || total
---------------------------++-------
  Melee: Unarmed           ||    63
         Constrict         ||    20
         Tentacles         ||     6
         Punch             ||     2
   Stab: Sleeping          ||     2
 Armour: Skin              ||    14
  Dodge: Dodged            ||    34
   Form: Blade             ||     1

Table legend: (Time is in decaauts)
 A = Elapsed time spent in this place.
 B = Non-inter-level travel time spent in this place.
 C = Inter-level travel time spent in this place.
 D = Time resting spent in this place.
 E = Time spent auto-exploring this place.
 F = Levels seen in this place.
 G = Mean time per level.
                   A        B        C        D        E       F      G
               +--------+--------+--------+--------+--------+-----+--------+
         Total |    770 |    709 |     61 |     37 |    462 |   2 |  385.0 |
       Dungeon |    770 |    709 |     61 |     37 |    462 |   2 |  385.0 |
               +--------+--------+--------+--------+--------+-----+--------+

Top non-repeatable levels by time:
     D:1: 617 daAuts
     D:2: 152 daAuts
